 Seeded DCSS version 0.29.1-15-g9cfb28693d (webtiles) character file.

Game seed: 10640581311454837566 (custom seed)

21 Mickster the Chopper (level 2, -10/27 HPs)
             Began as a Hill Orc Berserker on May 8, 2023.
             Was a Follower of Trog.
             Shot with an arrow by a centaur (14 damage)
             ... on level 3 of the Dungeon.
             The game lasted 00:05:09 (971 turns).

Mickster the Chopper (Hill Orc Berserker)            Turns: 971, Time: 00:05:10

Health: -10/27     AC:  3    Str: 16 (19) XL:     2   Next: 83%
Magic:  2/2        EV: 11    Int:  6 (7)  God:    Trog [*.....]
Gold:   65         SH:  0    Dex:  9 (10) Spells: 1/1 levels left

rFire   . . .      SeeInvis .   a - +0 hand axe
rCold   . . .      Faith    .   (no shield)
rNeg    . . .      Spirit   .   d - +0 leather armour
rPois   .          Reflect  .   (no helmet)
rElec   .          Harm     .   (no cloak)
rCorr   .          Rampage  .   (no gloves)
Will    .....                   (no boots)
Stlth   +.........              (no amulet)
HPRegen 0.09/turn               (no ring)
MPRegen 0.08/turn               (no ring)

@: no status effects
A: no striking features
a: Renounce Religion, Berserk


You were on level 3 of the Dungeon.
You worshipped Trog.
Trog was aware of your devotion.
You visited 1 branch of the dungeon, and saw 3 of its levels.

You collected 65 gold pieces.

Inventory:

Hand Weapons
 a - a +0 hand axe (weapon)
Armour
 b - a +1 animal skin
 d - a +0 leather armour (worn)
Scrolls
 c - a scroll of enchant armour


   Skills:
 + Level 4.0 Fighting
 + Level 4.6 Axes
 + Level 2.3 Armour
 + Level 1.7 Dodging


You had one spell level left.
You didn't know any spells.
Your spell library was empty.

Dungeon Overview and Level Annotations

Branches:
Dungeon (3/15)

Altars:

Shops:
D:2 :


Message History

The goblin shouts!
A hobgoblin comes into view.
The hobgoblin shouts!
The goblin unwields a +0 dagger.
The goblin wields a +0 sling.
The goblin shoots a sling bullet.
The sling bullet barely misses you.
A rat comes into view.
The goblin unwields a +0 sling.
The goblin wields a +0 dagger.
The goblin closely misses you.
You barely miss the goblin. The goblin hits you but does no damage.
You hit the goblin.
You kill the goblin!
Trog accepts your kill.
You hit the rat.
You kill the rat!
Trog accepts your kill. The hobgoblin attacks as you move away!
The hobgoblin hits you but does no damage.
Found 3 stones.
Items here: )) ††.
You completely miss the hobgoblin.
The hobgoblin hits you but does no damage.
You hit the hobgoblin but do no damage. The hobgoblin barely misses you.
You slash the hobgoblin!
You kill the hobgoblin!
Trog accepts your kill.
Items here: )) ††.
You now have 65 gold pieces (gained 6).
Items here: )) ††.
Found a stone staircase leading down.
There is a stone staircase leading down here.
A centaur comes into view.
The centaur shouts!
Found an escape hatch in the floor.
The centaur wields a +0 shortbow.
The centaur shoots an arrow.
The arrow hits you!
The centaur shoots an arrow.
The arrow hits you!
The centaur shoots an arrow.
The arrow hits you.
* * * LOW HITPOINT WARNING * * *
The centaur shoots an arrow.
The arrow hits you!
Ouch! That really hurt!
You die...

# .#
#######+#.##.##
##.....@....c...
#.......#..##.##
.......>#..>#
#.#.#
#..####.#.....
#.#.# #..
#.#...#.#
####.#.# #.#
#.#...# #
#......#.#.#
#.#...#
#......#.#.#
#.#...#
#........#.# #.#


You could see a centaur.

Vanquished Creatures
  A dart slug (D:1)
  2 ball pythons (D:2)
  2 bats
  2 endoplasms
  3 hobgoblins
  2 kobolds (D:2)
  A quokka (D:2)
  A frilled lizard (D:2)
  A goblin (D:3)
  2 rats
17 creatures vanquished.

Notes
Turn   | Place    | Note
-------+----------+-------------------------------------------
     0 | D:1      | Mickster the Hill Orc Berserker began the quest for the
                  | Orb.
     0 | D:1      | Reached XP level 1. HP: 19/19 MP: 1/1
   176 | D:1      | Reached XP level 2. HP: 22/27 MP: 2/2
   261 | D:2      | Found Irenoit's Book Shop.
   968 | D:3      | Noticed a centaur
   971 | D:3      | Shot with an arrow by a centaur

Illustrated notes

Levels and vault maps discovered:
D:1:      mainiacjoe_arrival_reflecting_pool, layout_loops_corners,
          hangedman_decor_slide_cut, minmay_misc_feat_cross,
          chequers_serial_rivers_micro_d
D:2:      layout_rooms, hellmonk_ecumenical_altar_inner_sanctum, serial_shops,
          nicolae_shop_window_shopping
D:3:      layout_basic, mainiacjoe_overflow_divided_tiny

Skill      XL: |  1  2 |
---------------+-------+-----
Fighting       | 4 |  4.0
Axes           | |  4.6
Armour         | |  2.3
Dodging        | |  1.7

Action                   || total
-------------------------++-------
Melee: Hand axe          ||    60
Invok: Berserk           ||     1
  Use: Scroll            ||     3
       Potion            ||     4
Armor: Animal skin       ||     1
       Leather armour    ||    14
Dodge: Dodged            ||    30
